 Dungeon Sprint DCSS version 0.28.0-53-g5a82cb258f (webtiles) character file.

Game seed: 2092983091260651925

1127 Zeld the Transmogrifier (level 8, -21/61 HPs)
             Began as an Octopode Transmuter on June 7, 2022.
             Shot with a bolt by a yaktaur captain (24 damage)
             ... in the Dungeon (Sprint II: "The Violet Keep of Menkaure").
             The game lasted 00:01:56 (1695 turns).

Zeld the Transmogrifier (Octopode Transmuter)       Turns: 1695, Time: 00:01:57

Health: -21/61     AC:  1    Str: 12    XL:     8   Next: 35%
Magic:  22/22      EV: 13    Int: 15    God:
Gold:   14         SH:  0    Dex: 12    Spells: 18/28 levels left

rFire   . . .      SeeInvis .     - Unarmed
rCold   . . .      Faith    .   (no shield)
rNeg    . . .      Spirit   .   (helmet restricted)
rPois   .          Reflect  .   (no amulet)
rElec   .          Harm     .   (no ring)
rCorr   .          Rampage  .   (no ring)
Will    .....      NoTele   +   (no ring)
Stlth   ++........              (no ring)
HPRegen 0.20/turn               (no ring)
MPRegen 0.18/turn               (no ring)
                                (no ring)
                                (no ring)

@: no status effects
A: almost no armour, amphibious, 8 rings, camouflage 1, gelatinous body 1,
(nimble swimmer 1), tentacles, tentacle spike 1
a: no special abilities


You were in the Dungeon.
You visited 1 branch You collected 729 gold pieces.
You spent 715 gold pieces at shops.

Inventory:

Scrolls
 f - a scroll of blinking
 g - 3 scrolls of fear
 h - a scroll of acquirement
 i - a scroll of magic mapping
Potions
 a - a potion of curing
 b - a potion of heal wounds
 c - a potion of haste
 d - 2 potions of magic


   Skills:
 + Level 8.1 Fighting
 - Level 2.0 Dodging
 - Level 3.0 Unarmed Combat
 * Level 10.6 Spellcasting
 * Level 11.5 Transmutations


You had 18 spell levels left.
You knew the following spells:

 Your Spells              Type           Power      Damage    Failure   Level
a - Beastly Appendage     Tmut           84%        N/A       1%          1
b - Wereblood             Tmut           42%        N/A       1%          2
c - Spider Form           Tmut/Pois      25%        N/A       2%          3
d - Ice Form              Ice/Tmut       25%        N/A       9%          4

Your spell library contained the following spells:

 Spells                   Type           Power      Damage    Failure   Level


Dungeon Overview and Level Annotations

Branches:
Dungeon (1/1)

Altars:

Shops:
D =[:?[::!=?![??(

Annotations:
D exclusion: oklob plant, Kirke, Roxanne


Innate Abilities, Weirdness & Mutations

You cannot wear most types of armour.
You are amphibious.
You can wear up to eight rings at the same time.
Your skin changes colour to match your surroundings (Stealth+).
Your rubbery body absorbs attacks. (AC +1, EV +1)
((You are camouflaged when in or above water. (Stealth+)))
You have tentacles for arms and can constrict up to eight enemies at once.
One of your tentacles bears a spike.


Message History

You start waiting.
Roxanne sighs and says, "It wouldn't be so bad were it not for the bird droppings."
Roxanne wails, "NOOOO!"
Roxanne asks, "Could you be a darling and pick up those spellbooks for me?"
You start waiting.
Roxanne sighs and says, "It wouldn't be so bad were it not for the bird droppings."
Roxanne says, "At least I didn't end up somewhere with nobody to talk to."
Roxanne wails, "NOOOO!"
You start waiting.
You start waiting.
Roxanne asks, "Could you be a darling and pick up those spellbooks for me?"
Roxanne sighs and says, "It wouldn't be so bad were it not for the bird droppings."
Roxanne wails, "NOOOO!" x2
Roxanne sighs and says, "It wouldn't be so bad were it not for the bird droppings."
Really swim into a travel-excluded area?
Really swim into a travel-excluded area? [Y]es or [N]o only, please.
Really swim into a travel-excluded area?
Okay, then.
Really swim into a travel-excluded area?
You start waiting.
You're standing in a cloud of steam!
You're standing in a cloud of steam!
The lava snake hisses angrily.
You start waiting.
The lava snake hisses angrily.
You start waiting.
The lava snake hisses angrily. x3
You start waiting.
You start waiting.
You start waiting.
Kirke, a kobold demonologist and a yaktaur captain come into view.
The yaktaur captain shouts!
The kobold demonologist shouts!
The yaktaur captain wields a +0 arbalest.
The yaktaur captain shoots a bolt.
The bolt hits you!!
Ouch! That really hurt!
You open the door.
The yaktaur captain shoots a bolt.
The bolt hits you!!
* * * LOW HITPOINT WARNING * * *
The yaktaur captain shoots a bolt.
The bolt hits you!!
You die... ####+#### ##§§≈≈≈○≈## ##≈≈≈§≈○≈≈≈## +§≈≈§≈§≈○§≈≈# @ ##≈≈§○○°≈≈≈ Kc.≈## ≈SSS≈

##########c≈#+++#+++##
#########≈≈≈.........#
.......∩#≈≈≈≈.##@##..#
∩.....∩.#≈≈≈≈##.#B##.####
.....∩.∩#≈≈≈≈#.B ..#....#
∩.∩.∩.∩.#≈≈####.#.####..##
.∩.∩.∩..#≈##.###+###.##..#
..∩.∩...#≈#...##.###..#..#
...⌠....'≈'.##'.<.'.##+..###
........#≈#...##.###..#....###.
▓▓▓▓▓▓###≈##.###†###.##......≈≈


You could see a yaktaur captain, 2 boulder beetles and 3 lava snakes.

Vanquished Creatures
  2 wyverns (D)
  Menkaure (D)
  A water moccasin (D)
  4 necrophages (D)
  5 scorpions (D)
13 creatures vanquished.

Vanquished Creatures (others)
  A water moccasin (D)
1 creature vanquished.

Grand Total: 14 creatures vanquished

Notes
Turn   | Place    | Note
-------+----------+-------------------------------------------
     0 | D        | Zeld the Octopode Transmuter began the quest for the Orb.
     0 | D        | Reached XP level 1. HP: 13/13 MP: 3/3
     1 | D        | Noticed a necrophage
     1 | D        | Noticed a necrophage
     1 | D        | Noticed a necrophage
     1 | D        | Noticed a necrophage
     6 | D        | Killed a necrophage
     7 | D        | Reached skill level 5 in Spellcasting
     7 | D        | Reached skill level 5 in Transmutations
     7 | D        | Reached XP level 2. HP: 19/21 MP: 2/8
     7 | D        | Reached XP level 3. HP: 24/26 MP: 2/9
     7 | D        | Reached XP level 4. HP: 30/32 MP: 2/11
     7 | D        | Killed a necrophage
     8 | D        | Reached skill level 7 in Transmutations
     8 | D        | Reached XP level 5. HP: 36/38 MP: 2/13
    10 | D        | Killed a necrophage
    11 | D        | Reached skill level 5 in Fighting
    11 | D        | Reached skill level 8 in Transmutations
    11 | D        | Reached XP level 6. HP: 29/45 MP: 2/16
    13 | D        | Killed a necrophage
    18 | D        | Learned a level 2 spell: Wereblood
    22 | D        | Learned a level 3 spell: Spider Form
    27 | D        | Learned a level 4 spell: Ice Form
    76 | D        | Killed a water moccasin
   177 | D        | Noticed a wyvern
   177 | D        | Noticed a wyvern
   185 | D        | Reached skill level 9 in Transmutations
   188 | D        | Reached XP level 7. HP: 46/53 MP: 15/19
   195 | D        | Reached skill level 10 in Transmutations
   436 | D        | Noticed a boulder beetle
   436 | D        | Noticed a boulder beetle
   447 | D        | Killed a wyvern
   454 | D        | Killed a wyvern
   455 | D        | Reached skill level 10 in Spellcasting
   455 | D        | Reached skill level 11 in Transmutations
   455 | D        | Reached XP level 8. HP: 30/60 MP: 19/22
   612 | D        | Identified Roxanne's Compendium of Stones
   612 | D        | Noticed Roxanne
   626 | D        | Noticed Menkaure
   630 | D        | Found Facol's Distillery.
   635 | D        | Killed Menkaure
   636 | D        | Found Mifogec's Jewellery Emporium.
   636 | D        | Found Caluang's Magic Scroll Emporium.
   636 | D        | Found Iwiutt's Distillery.
   746 | D        | Found Suxaz's Book Shoppe.
   893 | D        | Found Nyaliawn's Antique Weapon Emporium.
   893 | D        | Found Boicigih's Magic Scroll Shoppe.
   922 | D        | Found Asiaraek's Book Shoppe.
   922 | D        | Found Zehoqaust's Antique Armour Emporium.
   923 | D        | Found Meirex's Antique Armour Shoppe.
   924 | D        | Found Lekh's Magic Scroll Shoppe.
   925 | D        | Found Barreovi's Magic Scroll Emporium.
   925 | D        | Noticed a cane toad
   925 | D        | Noticed a cane toad
   925 | D        | Noticed an oklob plant
   926 | D        | Found Woacseh's Antique Armour Shoppe.
   926 | D        | Found Hudole's Jewellery Emporium.
   926 | D        | Found Egaog's Book Shoppe.
   932 | D        | Bought 3 scrolls of fear for 105 gold pieces
   935 | D        | Bought a scroll of acquirement for 572 gold pieces
   935 | D        | Bought a scroll of magic mapping for 38 gold pieces
   939 | D        | Noticed a great orb of eyes
  1221 | D        | Gained mutation: One of your tentacles bears a spike.
                  | [potion of mutation]
  1691 | D        | Noticed Kirke
  1691 | D        | Noticed a kobold demonologist
  1691 | D        | Noticed a yaktaur captain
  1694 | D        | HP: 3/61 [yaktaur captain/bolt (27)]
  1695 | D        | Shot with a bolt by a yaktaur captain

Illustrated notes

Levels and vault maps discovered:
D:        the_violet_keep_of_menkaure [sprint2_stairs_cluster_1,
          sprint2_shoproom, sprint2_temple, sprint2_basic_supplies,
          sprint2_obstacle_6, sprint2_obstacle_1, sprint2_obstacle_5,
          sprint2_obstacle_3, sprint2_obstacle_4, sprint2_timed_cluster_1,
          sprint2_smallroom_cluster_1, sprint2_smallroom_final_cluster_1,
          sprint2_transparent_cluster_1, sprint2_second_timed_cluster_1,
          sprint2_sniper_area_1, sprint2_heavy_combat_area_1,
          sprint2_mutation_trap_area_1, sprint2_forest_area_1,
          sprint2_light_combat_area_1, sprint2_behind_water_1,
          sprint2_near_end_vault_1]

Skill      XL: |  1  2  3  4  5  6  7  8 |
---------------+-------------------------+-----
Fighting       | 3 4 5 6 7 8 |  8.1
Spellcasting   | 5 6 7 8 10 | 10.6
Transmutations | 5 7 8 9 11 | 11.5
Dodging        | |  2.0
Unarmed Combat | |  3.0

Action                   |  1- 3 |  4- 6 |  7- 9 || total
-------------------------+-------+-------+-------++-------
Melee: Unarmed           |     2 |    11 |    37 ||    50
       Kick              |     1 |     2 |       ||     3
       Constrict         |     1 |     2 |       ||     3
       Tentacles         |       |     3 |       ||     3
 Cast: Beastly Appendage |     1 |       |       ||     1
       Spider Form       |       |     1 |     1 ||     2
       Ice Form          |       |       |     3 ||     3
  Use: Potion            |     1 |       |     1 ||     2
Armor: Skin              |       |     1 |     3 ||     4
Dodge: Dodged            |       |     5 |    24 ||    29
